Map: Deathaura LE

Players

Dark - Winner!

  • Race: Zerg Zerg
  • Spawn Location: 5:00

SpeCial

  • Race: Terran Terran
  • Spawn Location: 11:00

Event: IEM Katowice 2021

VOD

Have the link to the VOD?

Description

Time

  • Played on: Feb. 23, 2021, 12:50 p.m.
  • Length: 17:21

All games in this series

Show
View Real Time Build Order
Export as new Build Order

Dark Zerg - Winner!

Build Orders: Hatch First, Lurkers 

Get SALT Encoding   

  12  0:00  Drone  
  13  0:11  Overlord  
  13  0:16  Drone  
  14  0:30  Drone x2  
  16  0:46  Hatchery  
  15  0:50  Drone  
  15  0:54  Drone  
  18  0:57  Drone  
  18  1:08  Extractor  
  17  1:12  Spawning Pool  
  17  1:15  Drone  
  17  1:18  Drone  
  18  1:27  Drone  
  19  1:38  Drone  
  20  1:49  Drone  
  21  1:59  Queen x2  
  21  2:00  Zergling x4  
  27  2:09  Overlord  
  27  2:14  Drone  
  28  2:20  Hatchery  
  27  2:29  Drone x2  
  29  2:31  Drone  
  29  2:33  Drone  
  31  2:39  Queen  
  33  2:44  Drone  
  33  2:45  Drone  
  35  2:51  Metabolic Boost  
  35  2:54  Overlord  
  35  2:56  Drone  
  36  3:03  Overlord  
  38  3:12  Drone x2  
  38  3:13  Drone  
  38  3:15  Drone  
  38  3:17  Drone  
  38  3:18  Queen  
  43  3:20  Drone  
  44  3:28  Zergling x2  
  44  3:31  Zergling x2  
  44  3:32  Queen, Roach Warren  
  47  3:35  Overlord  
  47  3:41  Extractor  
  46  3:46  Drone  
  47  3:51  Drone x5  
  47  3:52  Drone  
  53  3:56  Drone  
  53  3:57  Drone x3  
  57  4:14  Roach x3  
  57  4:15  Roach  
  65  4:19  Drone  
  65  4:20  Overlord  
  65  4:24  Overlord  
  66  4:25  Overlord  
  66  4:27  Overlord  
  66  4:28  Lair  
  66  4:31  Overlord  
  66  4:34  Spore Crawler  
  66  4:35  Drone, Spore Crawler  
  66  4:36  Drone  
  66  4:38  Overlord  
  66  4:40  Drone  
  66  4:41  Drone  
  66  4:44  Drone x2  
  70  4:46  Drone  
  71  4:55  Drone x3  
  71  4:57  Zergling x2  
  71  4:58  Zergling x8  
  74  5:06  Zergling x8  
  66  5:15  Drone x2  
  66  5:19  Drone x3  
  66  5:25  Drone  
  66  5:28  Drone  
  66  5:33  Drone  
  66  5:34  Drone  
  66  5:37  Drone  
  66  5:42  Drone  
  68  5:46  Drone x2  
  68  5:49  Drone  
  69  5:52  Drone  
  69  5:53  Drone  
  69  5:55  Glial Reconstitution  
  69  5:56  Drone x2  
  73  5:57  Drone  
  73  5:59  Drone  
  73  6:01  Extractor  
  73  6:02  Extractor  
  73  6:04  Drone x2  
  73  6:05  Drone x2  
  73  6:07  Drone  
  73  6:11  Drone x3  
  80  6:15  Drone  
  80  6:17  Extractor, Drone  
  82  6:18  Extractor  
  82  6:20  Evolution Chamber x2  
  82  6:22  Drone  
  82  6:24  Drone  
  82  6:25  Drone  
  82  6:27  Drone x3  
  85  6:34  Drone x2  
  85  6:37  Drone x3  
  89  6:46  Zerg Missile Weapons Level 1, Drone x2  
  89  6:47  Drone, Zerg Ground Armor Level 1  
  92  6:48  Drone  
  93  6:57  Hatchery  
  93  7:00  Roach x2  
  96  7:08  Roach x5  
  103  7:13  Infestation Pit  
  104  7:16  Hydralisk Den  
  104  7:19  Roach x4  
  111  7:24  Roach  
  111  7:26  Overlord  
  113  7:31  Overlord x2  
  113  7:39  Hatchery  
  111  7:46  Drone x10  
  111  7:51  Hive  
  121  7:55  Drone x2  
  121  7:56  Roach x2  
  127  7:58  Lurker Den  
  127  8:04  Overlord  
  127  8:05  Overlord x2, Extractor  
  125  8:07  Roach  
  125  8:09  Extractor  
  125  8:10  Roach x2  
  130  8:14  Roach x2  
  130  8:17  Overlord  
  134  8:22  Overlord x3  
  134  8:24  Ravager x3  
  134  8:26  Roach x2  
  141  8:34  Roach x6  
  147  8:42  Roach x3  
  147  8:45  Zerg Missile Weapons Level 2  
  147  8:47  Drone  
  147  8:48  Evolution Chamber  
  153  8:54  Hydralisk x4  
  161  9:01  Hydralisk  
  161  9:02  Viper x2  
  163  9:06  Adaptive Talons  
  169  9:14  Hydralisk  
  169  9:15  Zerg Ground Armor Level 2  
  171  9:17  Drone  
  171  9:18  Drone  
  171  9:22  Lurker x2  
  171  9:23  Lurker x2  
  177  9:27  Zergling x20  
  187  9:36  Overlord  
  187  9:37  Hydralisk x3  
  188  9:50  Hydralisk x2  
  188  9:51  Zergling x22  
  188  9:54  Lurker  
  188  9:58  Hydralisk x2  
  182  10:10  Hydralisk x2  
  184  10:18  Roach x10  
  147  10:30  Hydralisk  
  147  10:31  Hydralisk x2  
  147  10:34  Hydralisk x2  
  155  10:37  Zergling x14  
  162  10:43  Drone x2  
  162  10:45  Lurker x3  
  162  10:46  Lurker  
  162  10:49  Lurker x3  
  171  10:53  Drone x3  
  174  11:05  Hatchery  
  174  11:07  Zerg Missile Weapons Level 3  
  174  11:08  Hydralisk x2  
  174  11:10  Drone  
  178  11:18  Hydralisk  
  178  11:22  Hydralisk x3  
  181  11:25  Drone x2  
  181  11:30  Hydralisk x2, Drone  
  185  11:34  Lurker x2  
  185  11:36  Drone x4  
  187  11:49  Lurker x2  
  189  11:57  Grooved Spines  
  189  12:00  Hydralisk, Hatchery  
  189  12:01  Lurker  
  189  12:04  Hydralisk x2  
  189  12:06  Zergling x10  
  192  12:12  Hydralisk x2  
  192  12:13  Zergling x8  
  194  12:19  Drone x2  
  194  12:20  Lurker x2, Spore Crawler  
  197  12:27  Overlord  
  197  12:31  Lurker x2  
  197  12:36  Drone  
  197  12:37  Extractor x2, Drone  
  198  12:43  Drone x4  
  200  12:48  Zerg Ground Armor Level 3  
  200  12:54  Extractor  
  186  13:03  Lurker x3  
  186  13:04  Drone x4  
  193  13:05  Spore Crawler  
  193  13:06  Extractor  
  193  13:08  Spine Crawler, Muscular Augments  
  193  13:09  Spine Crawler  
  193  13:10  Spine Crawler  
  193  13:11  Drone  
  189  13:13  Hydralisk  
  189  13:16  Lurker  
  189  13:17  Drone x2  
  192  13:24  Lurker  
  193  13:33  Pneumatized Carapace  
  191  13:35  Adrenal Glands  
  188  13:41  Zergling x6  
  188  13:42  Lurker x2  
  188  13:43  Lurker  
  188  13:44  Zerg Melee Weapons Level 1, Spore Crawler  
  188  13:46  Spore Crawler x2  
  188  13:48  Spine Crawler  
  190  13:53  Zergling x16  
  198  13:57  Hydralisk  
  198  13:59  Hatchery  
  198  14:01  Zergling x2  
  200  14:15  Seismic Spines  
  200  14:16  Zergling x6  
  197  14:20  Lurker  
  195  14:28  Hydralisk x2  
  198  14:31  Zergling x4  
  195  14:40  Zergling x4  
  195  14:41  Zergling x12  
  195  14:43  Lurker x2  
  195  14:45  Hydralisk  
  200  14:48  Zergling x2  
  163  15:01  Hydralisk x2  
  163  15:03  Zergling x6  
  163  15:04  Zergling x2  
  163  15:05  Hydralisk x2  
  174  15:08  Zergling x6  
  177  15:20  Hydralisk  
  177  15:21  Drone x4  
  166  15:22  Drone  
  166  15:25  Lurker x2, Extractor  
  166  15:27  Hydralisk x14, Lurker x3  
  199  15:32  Spore Crawler  
  198  15:39  Zergling x2, Overseer x2  
  198  15:40  Overseer  
  182  15:53  Zergling x30  
  186  15:57  Hydralisk  
  186  16:01  Zergling x2, Hydralisk x2  
  186  16:03  Zergling x8  
  179  16:12  Lurker  
  179  16:13  Lurker x6  
  179  16:14  Lurker x3  
  179  16:15  Lurker x4  
  179  16:18  Zergling x14, Baneling Nest  
  199  16:20  Drone  
  199  16:23  Drone  
  197  16:28  Zergling x4  
  186  16:42  Hydralisk x2  
  186  16:45  Zergling x10  
  195  16:52  Hydralisk  
  195  16:53  Hydralisk  
  187  16:58  Zergling x4  
Show
View Real Time Build Order
Export as new Build Order

SpeCial Terran 

Build Orders: Hellion Opening, Reaper Expand 

Get SALT Encoding   

  12  0:00  SCV  
  13  0:12  SCV  
  14  0:17  Supply Depot  
  14  0:24  SCV  
  15  0:38  SCV  
  15  0:40  Barracks  
  15  0:42  Refinery  
  16  0:50  SCV  
  17  1:02  SCV  
  18  1:15  SCV  
  19  1:27  Orbital Command  
  19  1:28  Reaper  
  20  1:39  Command Center  
  20  1:47  Supply Depot  
  20  1:53  SCV  
  21  2:00  Marine  
  22  2:03  Factory  
  22  2:06  SCV  
  23  2:12  Refinery  
  23  2:18  SCV  
  23  2:20  Barracks Reactor  
  24  2:30  SCV  
  25  2:42  SCV  
  26  2:51  Orbital Command  
  26  2:52  Starport  
  26  2:54  SCV  
  27  3:00  Hellion  
  27  3:01  Hellion  
  27  3:02  Barracks Tech Lab  
  31  3:06  SCV  
  32  3:16  Supply Depot  
  32  3:19  SCV x2  
  34  3:22  Hellion x2  
  38  3:32  SCV x2  
  38  3:33  Marine  
  41  3:37  Raven  
  41  3:38  Supply Depot  
  43  3:43  Hellion  
  43  3:44  SCV x2, Hellion  
  49  3:54  Barracks Tech Lab  
  49  3:56  SCV x2  
  51  4:05  Hellion, Supply Depot  
  51  4:06  Hellion  
  51  4:09  SCV  
  56  4:10  SCV  
  56  4:20  Raven  
  56  4:24  SCV x2  
  60  4:28  Supply Depot  
  60  4:34  Marine x2  
  60  4:35  Siege Tank  
  60  4:37  Command Center  
  65  4:40  SCV x2  
  67  4:46  Bunker  
  67  4:52  SCV x2  
  69  4:57  Marine x2  
  71  5:04  SCV x2  
  73  5:12  Siege Tank  
  73  5:14  Barracks, Marine  
  76  5:15  Barracks  
  76  5:16  SCV  
  76  5:17  SCV  
  67  5:28  SCV  
  67  5:30  SCV, Starport Reactor  
  67  5:32  Refinery  
  67  5:33  Refinery  
  65  5:36  Engineering Bay  
  65  5:40  SCV  
  65  5:42  Marine x2, Engineering Bay  
  68  5:43  SCV  
  69  5:52  SCV  
  69  5:54  Orbital Command  
  69  5:55  SCV  
  69  6:01  Marine x2  
  69  6:04  Factory Tech Lab  
  71  6:07  SCV x2  
  73  6:12  Barracks  
  73  6:13  Stimpack, Marine x2, Combat Shield  
  73  6:14  Orbital Command  
  73  6:15  Supply Depot, Terran Infantry Weapons Level 1  
  73  6:16  Terran Infantry Armor Level 1  
  73  6:17  Barracks  
  75  6:19  SCV x2  
  75  6:24  Marine x2  
  79  6:27  Medivac  
  79  6:30  Marine  
  79  6:31  SCV x2, Marine  
  79  6:32  Medivac  
  87  6:38  Supply Depot  
  87  6:41  Marine x2  
  87  6:43  SCV x2  
  87  6:44  SCV, Siege Tank  
  95  6:48  Marine  
  95  6:49  Marine  
  95  6:50  Supply Depot  
  95  6:52  Supply Depot  
  97  6:55  SCV  
  97  6:56  SCV  
  97  6:59  Marine  
  97  7:00  Marine  
  97  7:01  Supply Depot  
  102  7:07  SCV x2  
  103  7:09  Refinery  
  103  7:10  Barracks Reactor, Refinery  
  103  7:13  Marine x2, Barracks Reactor  
  103  7:15  Medivac x2  
  108  7:17  Marine  
  108  7:18  Marine  
  108  7:20  SCV x2  
  108  7:21  SCV  
  108  7:22  Command Center  
  113  7:24  Supply Depot  
  113  7:30  Armory  
  113  7:31  Marine x2  
  113  7:32  SCV  
  113  7:33  Supply Depot  
  113  7:35  Marine  
  113  7:36  Marine  
  118  7:47  Medivac x2, Siege Tank  
  118  7:48  Marine x2  
  118  7:49  SCV x3, Marine x2  
  118  7:50  Marine x2  
  130  7:53  Marine  
  130  7:54  Marine  
  132  8:01  SCV x2  
  134  8:06  Marine x2  
  134  8:07  Marine x3  
  134  8:08  Marine  
  134  8:10  Factory, Marine  
  134  8:11  Supply Depot  
  141  8:14  Supply Depot, Marine  
  141  8:19  Supply Depot  
  142  8:20  Terran Infantry Armor Level 2  
  142  8:24  Marine x2  
  142  8:25  Marine x3, Terran Infantry Weapons Level 2  
  147  8:33  Terran Vehicle Weapons Level 1  
  146  8:35  Marine x3  
  146  8:40  Siege Tank  
  151  8:42  Marauder, Marine  
  151  8:43  Marine x2  
  149  8:50  Marine  
  149  8:52  SCV  
  149  8:53  SCV x2, Marine x3, Factory Tech Lab  
  156  9:00  Marine  
  156  9:01  Liberator x2  
  163  9:07  Marine x3  
  163  9:08  Missile Turret  
  163  9:09  Marine  
  166  9:12  Siege Tank x2  
  166  9:14  Marine  
  173  9:18  Planetary Fortress  
  173  9:20  SCV x3  
  173  9:23  Marine x2  
  178  9:29  Marine x2  
  178  9:30  Marine  
  178  9:35  Marine x3  
  181  9:40  SCV  
  181  9:43  Marine  
  181  9:44  Siege Tank  
  182  9:49  Siege Tank  
  182  9:50  Liberator  
  177  9:53  Marine x2  
  177  9:55  Liberator  
  177  9:56  Marine x2  
  184  10:00  Marine x2  
  178  10:16  Siege Tank  
  178  10:17  Marine  
  159  10:21  Siege Tank  
  159  10:25  Marine  
  142  10:29  Marine x2  
  132  10:36  Marauder, Marine x4  
  132  10:37  Barracks  
  132  10:39  Barracks  
  132  10:40  Barracks  
  132  10:42  SCV x3  
  141  10:43  SCV, Marine  
  141  10:44  Terran Infantry Weapons Level 3  
  141  10:45  Refinery  
  141  10:47  Marine x2, Refinery  
  145  10:52  Siege Tank  
  145  10:54  Marine x4  
  145  10:57  Medivac x2, Marine  
  148  11:00  SCV, Marine  
  153  11:05  Marine x2  
  153  11:07  Ghost Academy  
  155  11:12  Marine, Siege Tank  
  155  11:15  Marine x2  
  161  11:19  Marine x2, Missile Turret  
  161  11:24  Siege Tank  
  166  11:26  Terran Infantry Armor Level 3, Viking  
  166  11:27  Viking  
  166  11:32  Marauder, Marine x3  
  175  11:33  Marine  
  175  11:34  Marine  
  175  11:36  Command Center  
  175  11:37  Marine x2  
  179  11:44  Barracks Reactor, Barracks Tech Lab  
  179  11:45  Siege Tank  
  182  11:49  Marine, Barracks Tech Lab  
  182  11:50  Marine x2, Missile Turret  
  182  11:51  Marine  
  182  11:52  Marine  
  182  11:53  Marine  
  188  11:56  Supply Depot, Viking  
  188  11:58  Viking  
  176  12:11  Ghost x2  
  176  12:12  Ghost  
  176  12:14  Marine  
  177  12:17  Siege Tank  
  179  12:25  Enhanced Shockwaves  
  179  12:27  Supply Depot  
  179  12:35  Marine x2  
  179  12:36  Marauder, Marine x4  
  179  12:37  Marine  
  187  12:41  Marauder  
  187  12:43  Sensor Tower  
  190  12:45  Terran Vehicle Weapons Level 2  
  190  12:50  Missile Turret  
  164  13:01  Marine, Siege Tank  
  164  13:02  Marauder x2, Marine  
  173  13:06  Marauder, Marine x4  
  173  13:07  Marine x2  
  181  13:12  Command Center  
  181  13:13  Marauder  
  181  13:15  Command Center  
  181  13:19  Marine  
  184  13:20  Marine  
  184  13:23  Marauder  
  184  13:26  Marauder, Marine x2  
  190  13:28  Siege Tank  
  190  13:33  Medivac x2  
  193  13:35  Marauder  
  193  13:38  Ghost  
  193  13:39  Marine x2  
  199  13:42  Marine  
  199  13:47  Personal Cloaking  
  200  13:49  Planetary Fortress  
  199  14:07  Marine  
  191  14:42  Marauder, Marine x3  
  191  14:43  Siege Tank x2  
  199  14:46  Marine  
  199  14:47  Orbital Command  
  178  15:02  Marine  
  178  15:03  Marauder, Marine  
  178  15:04  Marauder  
  178  15:06  Marine, Ghost x2, Sensor Tower  
  178  15:07  Marine x2, Missile Turret  
  181  15:09  Marine  
  178  15:15  Siege Tank x2  
  171  15:23  Medivac x2  
  171  15:24  Marauder  
  171  15:25  Marine x2  
  171  15:26  Marauder, Marine  
  182  15:31  Marine x2  
  182  15:32  Marine x2  
  182  15:34  Marine, Ghost  
  182  15:35  Ghost  
  191  15:43  Marine x2  
  191  15:45  Ghost  
  191  15:46  Ghost  
  191  15:47  Siege Tank  
  173  16:03  Ghost  
  173  16:04  Siege Tank  
  161  16:09  Marauder, Marine x2, Planetary Fortress  
  164  16:12  Missile Turret  
  164  16:15  Ghost  
  164  16:16  Marine, Ghost  
  164  16:18  Marine  
  167  16:19  Siege Tank  
  167  16:31  Marauder  
  169  16:36  Marine, Siege Tank  
  169  16:37  Marauder  
  166  16:43  SCV x3  
  166  16:44  SCV  
  170  16:48  Marauder, Marine  
  170  16:51  Orbital Command  
  170  16:53  Marauder  

Tags
 
Add a new tag
Caveats
  • Supply blocks, unpowered buildings, or Contaminate may cause inaccurate times.
  • Supply counts are checked every 10 seconds.